 Dungeon Crawl Stone Soup version 0.29.1-1-gd02db6906a (webtiles) character file.

Game seed: 16932042516551879845

1500 Acheron the Chopper (level 8, -14/63 HPs)
             Began as a Minotaur Conjurer on Sept 22, 2022.
             Was a Priest of Nemelex Xobeh.
             Demolished by a gargoyle
             ... wielding a +0 mace
              (17 damage)
             ... on level 7 of the Dungeon.
             The game lasted 00:31:37 (5568 turns).

Acheron the Chopper (Minotaur Conjurer)             Turns: 5568, Time: 00:31:38

Health: -14/63     AC:  8    Str: 11    XL:     8   Next: 52%
Magic:  11/11      EV: 12    Int: 21    God:    Nemelex Xobeh [***...]
Gold:   1616       SH:  5    Dex: 12    Spells: 5/12 levels left

rFire   + . .      SeeInvis .   s - +7 hand axe (elec)
rCold   + . .      Faith    .   p - +1 buckler
rNeg    . . .      Spirit   .   x - +0 steam dragon scales
rPois   +          Reflect  .   (helmet restricted)
rElec   +          Harm     .   (no cloak)
rCorr   +          Rampage  .   f - +1 pair of gloves
Will    .....                   l - +0 pair of boots
Stlth   ++........              (no amulet)
HPRegen 0.20/turn               u - +6 ring of intelligence
MPRegen 0.12/turn               e - ring of resist corrosion

@: resistant
A: horns 2, retaliatory headbutt
a: Renounce Religion, Draw Escape, Draw Destruction, Draw Summoning, Triple Draw


You were on level 7 of the Dungeon.
You worshipped Nemelex Xobeh.
Nemelex Xobeh was most pleased with you.
You visited 2 branches of the dungeon, and saw 9 of its levels.

You collected 1616 gold pieces.

Inventory:

Hand Weapons
 s - a +7 hand axe of electrocution (weapon)
 y - a +0 war axe
Missiles
 j - 4 atropa-tipped darts
 m - 13 poisoned darts (quivered)
 v - 5 javelins
Armour
 f - a +1 pair of gloves (worn)
 l - a +0 pair of boots (worn)
 n - the +2 leather armour of Gluttony {Will+ Dex+4}
   (You found it on level 4 of the Dungeon)

   Dex:       It affects your dexterity (+4).
   Will:      It increases your willpower.
 p - a +1 buckler (worn)
 x - +0 steam dragon scales (worn)
Magical Staves
 a - a staff of earth
Jewellery
 e - a ring of resist corrosion (right hand)
 h - a ring of see invisible
 i - a ring of flight
 u - a +6 ring of intelligence (left hand)
Scrolls
 k - 3 scrolls of blinking
 o - 2 scrolls of teleportation
 t - a scroll of fog {unknown}
Potions
 b - 2 potions of magic
 c - 2 potions of cancellation
 d - 2 potions of brilliance
 g - 2 potions of mutation
 r - a potion of ambrosia {unknown}
 w - 2 potions of curing


   Skills:
 * Level 3.3 Fighting
 + Level 0.1 Short Blades
 * Level 5.0 Axes
 * Level 2.4 Throwing
 + Level 2.1 Armour
 * Level 4.0 Dodging
 * Level 3.2 Stealth
 * Level 2.4 Shields
 * Level 2.8 Spellcasting
 * Level 4.3 Conjurations
 * Level 1.3 Summonings
 * Level 2.3 Invocations
 * Level 1.3 Evocations


You had 5 spell levels left.
You knew the following spells:

 Your Spells              Type           Power      Damage    Failure   Level
a - Magic Dart            Conj           84%        1d7       3%          1
b - Searing Ray           Conj           42%        2d6       4%          2
c - Summon Small Mammal   Summ           32%        N/A       11%         1
d - Conjure Flame         Conj/Fire      12%        6-21      22%         3

Your spell library contained the following spells:

 Spells                   Type           Power      Damage    Failure   Level
 Dazzling Flash           Conj/Hex       24%        N/A       22%         3
 Call Canine Familiar     Summ           8%         N/A       30%         3
 Summon Guardian Golem    Hex/Summ       5%         N/A       38%         3
 Gell's Gravitas          Tloc           3%         N/A       47%         3
 Ignite Poison            Fire/Tmut/Pois 3%         N/A       47%         3
 Lesser Beckoning         Tloc           3%         N/A       47%         3
 Teleport Other           Tloc           3%         N/A       47%         3
 Fulminant Prism          Conj/Hex       6%         3d7       58%         4
 Iskenderun's Mystic Bla  Conj/Tloc      12%        2d5       58%         4
 Sticky Flame             Conj/Fire      12%        2d4       58%         4
 Lee's Rapid Deconstruct  Erth           1%         3d5*      99%         5
 Starburst                Conj/Fire      6%         6d4       100%        6


Dungeon Overview and Level Annotations

Branches:
Dungeon (8/15)             Temple (1/1) D:4
   Lair: D:8-11

Altars:
Ashenzari
Cheibriados
Dithmenos
Elyvilon
Fedhas
Gozag
Hepliaklqana
Kikubaaqudgha
Makhleb
Nemelex Xobeh
Okawaru
Qazlal
Ru
Sif Muna
Trog
Uskayaw
Vehumet
Wu Jian
Yredelemnul
Zin
The Shining One

Shops:
D:2 [   D:7 :

Annotations:
D:5 exclusion: 2 downstairs


Innate Abilities, Weirdness & Mutations

You have a pair of horns on your head.
You reflexively headbutt those who attack you in melee.


Message History

There is a stone staircase leading down here.
You start removing your armour.
You continue taking off the +2 leather armour of Gluttony {Will+ Dex+4}. x4
You finish taking off the +2 leather armour of Gluttony {Will+ Dex+4}.
You start putting on your armour.
You continue putting on your +0 steam dragon scales. x5
You finish putting on your +0 steam dragon scales.
Found a chain mail.
Found an escape hatch in the floor.
A gargoyle comes into view. It is wielding a +0 mace.
You draw a card...
You have drawn the Orb.
Press: ? - help, Shift-Dir - straight line, f - gargoyle
Aim: a gargoyle, wielding a +0 mace Your orb of destruction hits a stone wall.
Your orb of destruction hits a rock wall. x4
The wavering orb of destruction weakly hits the gargoyle!
The gargoyle is heavily damaged.
The gargoyle hits you with a +0 mace!!
Found 2 amethyst potions.
Your orb of destruction hits a stone wall.
The gargoyle hits you with a +0 mace!
You barely miss the gargoyle.
The gargoyle is heavily damaged.
The gargoyle hurls a stone arrow at you.
The stone arrow hits you!!
* * * LOW HITPOINT WARNING * * *
You draw a card...
You have drawn Pain.
Press: ? - help, Shift-Dir - straight line, f/p - gargoyle
Aim: a gargoyle, wielding a +0 mace (heavily damaged)
The bolt of negative energy hits the gargoyle.
The gargoyle completely resists.
The gargoyle is heavily damaged.
The gargoyle hits you with a +0 mace!
* * * LOW HITPOINT WARNING * * *
You feel protected. The gargoyle hits you with a +0 mace!
You die...
Your body disappears without a glow.

### #.. ..# #.##.# ###.# #.##.#.#
..#.# #.##.#.#. #.#.#
#.##.#.#.##.#.#
#.##.#.#.##.#.#### ##
#.##.#.#.##.#<.... .#
###@##.#.#..#.#.#### .#
#.9.##.#.#......#... )#
##########.#.#.........###<##
)####........#!#°####.#....# #.##
.............###.......>...# #..<
.####.####...#.######.#....######
.# #.# #.#.#.######.#..........
.# #.# #.#.#.##.....#...#######
.# #.# #.#.#.##.....#..........


You could see a gargoyle.

Vanquished Creatures
  A steam dragon (D:6)
  Menkaure (D:5)
  2 black bears (D:6)
  An ice beast (D:7)
  An ogre (D:5)
  A bullfrog (D:6)
  4 scorpions
  A jelly (D:5)
  2 orc priests
  6 hounds
  2 iguanas
  An orc wizard (D:7)
  5 gnolls (D:6)
  9 adders
  A white imp (D:7)
  2 ufetubi (D:5)
  A dart slug (D:2)
  17 orcs
  3 ball pythons
  5 bats
  6 endoplasms
  4 giant cockroaches
  6 goblins
  6 hobgoblins
  5 kobolds
  2 quokkas
  4 frilled lizards
  5 rats
104 creatures vanquished.

Vanquished Creatures (collateral kills)
  2 gnolls (D:6)
2 creatures vanquished.

Vanquished Creatures (others)
  11 toadstools (D:6)
11 creatures vanquished.

Grand Total: 117 creatures vanquished

Notes
Turn   | Place    | Note
-------+----------+-------------------------------------------
     0 | D:1      | Acheron the Minotaur Conjurer began the quest for the Orb.
     0 | D:1      | Reached XP level 1. HP: 14/14 MP: 1/1
   243 | D:1      | Reached XP level 2. HP: 13/20 MP: 0/3
   509 | D:1      | Learned a level 2 spell: Searing Ray
  1120 | D:3      | Found a sparkling altar of Nemelex Xobeh.
  1140 | D:3      | Became a worshipper of Nemelex Xobeh the Trickster
  1209 | D:2      | Reached XP level 3. HP: 27/27 MP: 0/4
  1350 | D:3      | Reached skill level 1 in Fighting
  1423 | D:2      | Found Fuen Jeq's Antique Armour Emporium.
  1587 | D:2      | Reached XP level 4. HP: 19/35 MP: 0/5
  2169 | D:5      | Entered Level 5 of the Dungeon
  2300 | D:4      | Reached * piety under Nemelex Xobeh
  2372 | D:4      | Received a gift from Nemelex Xobeh
  2495 | D:4      | Found a stormy altar of Qazlal.
  2497 | D:4      | Found a glowing golden altar of the Shining One.
  2498 | D:4      | Found a sacrificial altar of Ru.
  2513 | D:4      | Reached XP level 5. HP: 38/40 MP: 7/7
  2530 | D:4      | Found a staircase to the Ecumenical Temple.
  2533 | D:4      | Reached skill level 1 in Axes
  2545 | Temple   | Entered the Ecumenical Temple
  2778 | D:4      | Learned a level 1 spell: Summon Small Mammal
  3036 | D:4      | Identified the +2 leather armour of Gluttony {Will+ Dex+4}
  3491 | D:5      | Reached ** piety under Nemelex Xobeh
  3571 | D:5      | Reached skill level 2 in Axes
  3571 | D:5      | Reached skill level 1 in Throwing
  3571 | D:5      | Reached XP level 6. HP: 48/48 MP: 8/8
  3798 | D:5      | Reached skill level 1 in Invocations
  4024 | D:5      | Reached skill level 1 in Shields
  4024 | D:5      | Noticed Menkaure
  4030 | D:5      | Killed Menkaure
  4031 | D:5      | Reached skill level 3 in Axes
  4031 | D:5      | Reached skill level 1 in Armour
  4031 | D:5      | Reached XP level 7. HP: 55/55 MP: 9/9
  4310 | D:5      | Learned a level 3 spell: Conjure Flame
  4520 | D:6      | Identified a scroll of acquirement
  4520 | D:6      | Acquired 1232 gold pieces
  4611 | D:6      | Reached skill level 4 in Axes
  4615 | D:6      | Reached skill level 1 in Summonings
  4615 | D:6      | Reached XP level 8. HP: 17/62 MP: 9/11
  4626 | D:6      | Reached skill level 1 in Evocations
  5300 | D:7      | Found Togiah's Book Boutique.
  5329 | D:7      | Received a gift from Nemelex Xobeh
  5394 | D:7      | Reached skill level 5 in Axes
  5508 | D:8      | Reached *** piety under Nemelex Xobeh
  5563 | D:7      | Noticed a gargoyle
  5567 | D:7      | HP: 3/63 [gargoyle/+0 mace (12)]
  5568 | D:7      | Demolished by a gargoyle

Illustrated notes

Levels and vault maps discovered:
D:1:      mrwooster_arrival_statue_3, layout_basic, minmay_unequal
D:2:      layout_rooms, serial_shops, shop_statue
D:3:      layout_basic, old_standard_altar, led_xom_imps,
          kennysheep_generic_room_3
D:4:      layout_loops_ring, grunt_temple_overflow_open, temple_fountains,
          minmay_misc_feat_alley
D:5:      layout_basic, st_stairs_3, uniq_menkaure
D:6:      cheibrodos_fertilizer, layout_cave_pools
D:7:      layout_basic, serial_shops, shop, serial_glass, glass_columns_c,
          glass_columns_a, minmay_misc_feat_five, minmay_microvault
D:8:      layout_basic, ebering_ghost_disaster_area, uniq_gastronok
Temple:   nicolae_temple_bog_church

Skill      XL: |  1  2  3  4  5  6  7  8 |
---------------+-------------------------+-----
Conjurations   | 3 4 |  4.3
Fighting       | 1 2 3 |  3.3
Spellcasting   | 2 |  2.8
Stealth        | 2 3 |  3.2
Axes           | 2 3 4 5 |  5.0
Throwing       | 1 2 |  2.4
Dodging        | 3 4 |  4.0
Invocations    | 1 2 |  2.3
Shields        | 1 2 |  2.4
Armour         | 1 2 |  2.1
Summonings     | 1 |  1.3
Evocations     | 1 |  1.3
Short Blades   | |  0.1

Action                   |  1- 3 |  4- 6 |  7- 9 || total
-------------------------+-------+-------+-------++-------
Melee: Dagger            |    22 |       |       ||    22
       Headbutt          |     1 |    16 |    19 ||    36
       Mace              |    10 |     3 |       ||    13
       Hand axe          |       |    82 |    69 ||   151
 Cast: Magic Dart        |    53 |    20 |     6 ||    79
       Summon Small Mamm |       |     4 |     3 ||     7
Invok: Draw Destruction  |       |     2 |     4 ||     6
  Use: Scroll            |     6 |     5 |     9 ||    20
       Potion            |       |       |     1 ||     1
 Stab: Sleeping          |       |     4 |       ||     4
Armor: Robe              |    15 |    18 |       ||    33
       Leather armour    |       |    13 |    32 ||    45
Dodge: Dodged            |    25 |    53 |    43 ||   121
Block: Buckler           |       |     7 |    21 ||    28
